 Dungeon Crawl Stone Soup version 0.31-a0-233-g139696dc86 (webtiles) character file.

Game seed: 7014035279858899241

49 Shard1697 the Slasher (level 4, 31/31 (34) HPs)
             Began as a Djinni Reaver on July 8, 2023.
             Was a Believer of Zin.
             Quit the game on level 2 of the Dungeon.
             The game lasted 00:01:36 (926 turns).

Shard1697 the Slasher (Djinni Reaver)                Turns: 926, Time: 00:01:37

HP:   31/31 (34)    AC:  3    Str: 11    XL:     4   Next: 1%
Gold: 146           EV: 12    Int: 17    God:    Zin [**....] SH:  0 Dex: 17

rFire   + + .        a - +0 falchion
rCold   x . .        (no shield)
rNeg    . . .        b - +0 leather armour
rPois   ∞            (no helmet)
rElec   .            (no cloak)
rCorr   .            (no gloves)
SInv    +            (boots unavailable)
Will    .....        (no amulet)
Stlth   +            l - +6 ring of dexterity
HPRegen 0.25/turn    n - ring of see invisible
MPRegen 0.00/turn

%: no passive effects
@: flying, drained
A: sickness immunity, fire resistance 2, cold vulnerability 1, float, innate
caster, HP casting, extra vitality 1
a: Renounce Religion, Recite, Vitalisation, Donate Gold


You were on level 2 of the Dungeon.
You worshipped Zin.
Zin was pleased with you.
You visited 1 branch of the dungeon, and saw 2 of its levels.

You collected 162 gold pieces.
You donated 16 gold pieces to Zin.

Inventory:

Hand Weapons
 a - a +0 falchion (weapon)
Armour
 b - a +0 leather armour (worn)
 c - a +0 ring mail of poison resistance
Jewellery
 l - a +6 ring of dexterity (left hand)
 n - a ring of see invisible (right hand)
Scrolls
 e - a scroll of revelation {unknown}
 g - a scroll of identify {unknown}
 i - a scroll of noise {unknown}
 j - a scroll of fog {unknown}
 m - a scroll of enchant armour {unknown}
Potions
 d - a potion of resistance {unknown}
 f - a potion of curing {unknown}
 h - a potion of enlightenment {unknown}
 k - a potion of heal wounds {unknown}


   Skills:
 * Level 2.8 Fighting
 * Level 3.2 Long Blades
 - Level 2.1 Dodging
 + Level 2.9 Spellcasting
 + Level 2.9 Conjurations
 + Level 2.9 Hexes
   Level 0.0 Charms
 + Level 2.9 Summonings
 + Level 2.9 Necromancy
 + Level 2.9 Translocations
 + Level 2.9 Transmutations
 + Level 2.9 Fire Magic
 + Level 2.9 Ice Magic
 + Level 2.9 Air Magic
 + Level 2.9 Earth Magic
 + Level 2.9 Poison Magic


You knew the following spells:

 Your Spells              Type           Power      Damage    Failure   Level
a - Kiss of Death         Conj/Necr      48%        2d9       7%          1
b - Momentum Strike       Conj/Tloc      24%        3d8       11%         2
c - Hailstorm             Conj/Ice       12%        3d5       21%         3
d - Summon Small Mammal   Summ           48%        N/A       7%          1
Your spell library was empty.

Dungeon Overview and Level Annotations

Branches:
Dungeon (2/15)

Altars:
Zin


Innate Abilities, Weirdness & Mutations

You are immune to sickness and miasma.
You are immune to poison.
Your flesh is very heat resistant. (rF++)
You are vulnerable to cold. (rC-)
You float through the air rather than walking.
You learn spells naturally, not from books.
Your magical power is your life essence.
You have superior vitality. (+4 MHP)


Message History

You now have 125 gold pieces (gained 7).
You see here 8 stones.
An adder comes into view.
The adder hisses angrily.
You hit the adder.
The adder is heavily wounded.
The adder bites you but does no damage.
You closely miss the adder.
The adder is heavily wounded.
The adder bites you but does no damage. The adder bites you.
You hit the adder.
The adder is almost dead.
The adder misses you.
You miss the adder.
The adder is almost dead.
The adder closely misses you. The adder bites you but does no damage.
You hit the adder but do no damage.
The adder is almost dead.
The adder barely misses you.
You hit the adder.
You kill the adder!
You have reached level 4!
You feel clever.
Found 2 stones.
You now have 128 gold pieces (gained 3).
You now have 145 gold pieces (gained 17).
Found a faded altar of an unknown god.
You now have 162 gold pieces (gained 17).
You see here a +0 chain mail.
Found 2 stones.
You see here 2 stones.
You see here a +0 chain mail.
There is a faded altar of an unknown god here.
This altar belongs to (a) Ashenzari, (b) Zin or (c) Okawaru, but you can't tell which.
Press the corresponding letter to learn more about a god, or press enter to convert or escape to cancel.
Zin accepts your prayer! Zin welcomes you!
You pay a tithe of 16 gold.
You can now recite Zin's Axioms of Law.
You can now donate money to Zin.
You can now call upon Zin for vitalisation.
Are you sure you want to abandon this character and quit the game? (Confirm with "yes".)

#.........#.#
#...........#
#..........##
#........... #
#.........# #
..#.###.........#####..
.......................
#...@§....[........#
###§§§..........## ##
###.........### #.
#.........### #.
#....#####...## #.
#....#######..###.
...................
..############.##..
#(....


There were no monsters in sight!

Vanquished Creatures
  3 adders (D:2)
  2 bats
  3 endoplasms
  A goblin (D:1)
  3 hobgoblins (D:1)
  A kobold (D:1)
  2 quokkas
  2 frilled lizards (D:1)
  3 rats
20 creatures vanquished.

Notes
Turn   | Place    | Note
-------+----------+-------------------------------------------
     0 | D:1      | Shard1697 the Djinni Reaver began the quest for the Orb.
     0 | D:1      | Shard1697 set off with the following spells memorised: Kiss
                  | of Death, Momentum Strike, Hailstorm.
     0 | D:1      | Reached XP level 1. HP: 18/18 MP: 0/0
   224 | D:1      | Reached XP level 2. HP: 23/23 MP: 0/0
   632 | D:2      | Reached skill level 3 in Long Blades
   632 | D:2      | Reached XP level 3. HP: 8/28 MP: 0/0
   632 | D:2      | Learned a level 1 spell: Summon Small Mammal
   860 | D:2      | Reached XP level 4. HP: 30/31 MP: 0/0
   894 | D:2      | Found a faded altar of an unknown god.
   925 | D:2      | Prayed at the altar of an unknown god.
   925 | D:2      | Became a worshipper of Zin the Law-Giver
   925 | D:2      | Reached * piety under Zin
   925 | D:2      | Reached ** piety under Zin
   926 | D:2      | Quit the game

Illustrated notes

Levels and vault maps discovered:
D:1:      lemuel_arrival_lava_pool, layout_basic
D:2:      layout_rooms, ebering_ecumenical_altar_mist, grunt_ministairs_10,
          uniq_jessica

Skill      XL: |  1  2 |
---------------+-------+-----
Long Blades    | 3 |  3.2
Fighting       | |  2.8
Dodging        | |  2.1
Spellcasting   | |  2.9
Conjurations   | |  2.9
Hexes          | |  2.9
Summonings     | |  2.9
Necromancy     | |  2.9
Translocations | |  2.9
Transmutations | |  2.9
Fire Magic     | |  2.9
Ice Magic      | |  2.9
Air Magic      | |  2.9
Earth Magic    | |  2.9
Poison Magic   | |  2.9

Action                     |  1- 3 |  4- 6 || total
---------------------------+-------+-------++-------
  Melee: Falchion          |   102 |       ||   102
         Punch             |     1 |       ||     1
   Cast: Kiss of Death     |     2 |       ||     2
   Stab: Sleeping          |     2 |       ||     2
 Armour: Leather armour    |    37 |       ||    37
  Dodge: Dodged            |    68 |       ||    68

Table legend: (Time is in decaauts)
 A = Elapsed time spent in this place.
 B = Non-inter-level travel time spent in this place.
 C = Inter-level travel time spent in this place.
 D = Time resting spent in this place.
 E = Time spent auto-exploring this place.
 F = Levels seen in this place.
 G = Mean time per level.
                   A        B        C        D        E       F      G
               +--------+--------+--------+--------+--------+-----+--------+
         Total |    940 |    887 |     53 |     81 |    559 |   2 |  470.0 |
       Dungeon |    940 |    887 |     53 |     81 |    559 |   2 |  470.0 |
               +--------+--------+--------+--------+--------+-----+--------+

Top non-repeatable levels by time:
     D:1: 633 daAuts
     D:2: 307 daAuts
